Map: [ESL] Gresvan

Players

Scarlett

  • Race: Zerg Zerg
  • Spawn Location: 11:00

Kelazhur - Winner!

  • Race: Terran Terran
  • Spawn Location: 5:00

Event: ESL SC2 Masters 2023 Summer (Regionals)

VOD

Have the link to the VOD?

Description

Time

  • Played on: May 20, 2023, 3:06 p.m.
  • Length: 16:44

All games in this series

Show
View Real Time Build Order
Export as new Build Order

Scarlett Zerg 

Build Orders: Hatch First, Brood Lord Corruptor 

Get SALT Encoding   

  12  0:00  Drone  
  13  0:12  Overlord  
  13  0:17  Drone  
  14  0:30  Drone x2  
  16  0:46  Hatchery  
  15  0:51  Drone  
  15  0:54  Drone  
  17  0:57  Drone  
  18  1:09  Extractor  
  17  1:13  Spawning Pool  
  17  1:15  Drone  
  17  1:19  Drone  
  18  1:27  Drone  
  19  1:38  Drone  
  20  1:49  Drone  
  21  1:59  Queen  
  21  2:00  Queen, Zergling x2  
  21  2:01  Zergling x2  
  27  2:09  Drone  
  27  2:10  Overlord  
  28  2:20  Hatchery  
  27  2:25  Drone  
  28  2:35  Metabolic Boost  
  27  2:37  Drone x2  
  27  2:42  Drone  
  27  2:43  Queen  
  32  2:48  Overlord  
  32  2:51  Drone  
  33  2:55  Drone  
  35  2:58  Drone  
  35  3:08  Drone x3  
  35  3:10  Drone  
  39  3:12  Queen  
  39  3:14  Overlord  
  39  3:16  Drone  
  39  3:19  Drone  
  43  3:28  Overlord  
  43  3:31  Queen  
  43  3:32  Drone  
  46  3:38  Drone x3  
  49  3:45  Drone x4  
  49  3:47  Queen  
  55  3:53  Zergling x2  
  55  3:54  Drone x4  
  60  4:03  Overlord  
  60  4:05  Overlord  
  60  4:06  Drone x2  
  62  4:11  Queen  
  62  4:15  Drone  
  62  4:17  Overlord, Lair  
  65  4:23  Overlord, Drone x3  
  68  4:25  Queen  
  70  4:31  Roach Warren  
  70  4:33  Drone x3  
  72  4:42  Drone x5  
  77  4:52  Overlord  
  77  4:53  Hatchery, Drone x4  
  77  4:55  Drone  
  77  4:56  Drone x2  
  77  4:58  Extractor x2  
  77  4:59  Extractor  
  80  5:02  Spore Crawler  
  80  5:03  Spore Crawler x2  
  77  5:08  Zergling x8  
  81  5:22  Roach x8  
  81  5:28  Roach  
  98  5:34  Extractor  
  97  5:40  Roach x3  
  97  5:41  Overlord  
  103  5:43  Drone x2  
  103  5:44  Overlord x2  
  103  5:45  Extractor, Overlord x2  
  104  5:53  Overlord x2  
  98  5:59  Roach  
  98  6:00  Roach x6, Queen  
  98  6:03  Overlord  
  109  6:08  Roach x2  
  110  6:14  Glial Reconstitution  
  110  6:16  Roach x3  
  112  6:22  Roach x3  
  112  6:26  Roach x3  
  114  6:39  Drone  
  111  6:42  Roach x4  
  111  6:43  Queen x2  
  118  6:50  Roach x4  
  122  6:55  Queen  
  122  6:56  Queen  
  122  6:58  Roach  
  116  7:05  Ravager  
  116  7:08  Roach x5  
  112  7:17  Roach x4  
  102  7:32  Roach x7  
  102  7:36  Drone x2  
  106  7:41  Evolution Chamber  
  106  7:44  Drone x4  
  107  7:49  Spire  
  106  7:57  Drone x7  
  113  7:59  Extractor, Ravager  
  113  8:01  Drone x2  
  113  8:02  Drone  
  113  8:03  Drone x4  
  120  8:09  Drone x2  
  122  8:13  Zerg Missile Weapons Level 1  
  122  8:16  Roach x4  
  122  8:17  Ravager  
  131  8:24  Ravager  
  131  8:26  Ravager  
  133  8:27  Drone x6  
  133  8:29  Extractor x2  
  133  8:32  Queen  
  133  8:33  Overlord x2  
  139  8:47  Drone x4  
  143  8:53  Hatchery  
  142  9:03  Mutalisk x7  
  142  9:08  Mutalisk  
  158  9:14  Drone x7  
  163  9:19  Mutalisk x2  
  167  9:24  Infestation Pit  
  166  9:36  Roach x5  
  176  9:43  Hatchery  
  164  9:46  Roach x9  
  175  9:54  Roach  
  171  10:04  Overlord  
  171  10:05  Overlord x2  
  158  10:07  Roach x12  
  158  10:13  Drone x5  
  159  10:24  Zerg Missile Weapons Level 2  
  159  10:25  Hive  
  159  10:26  Drone x5  
  152  10:33  Ravager x6  
  147  10:43  Roach x8  
  147  10:47  Roach x2  
  167  10:56  Roach x7  
  175  11:03  Ravager x2  
  177  11:05  Zergling x8  
  163  11:13  Roach x5  
  163  11:18  Roach  
  156  11:23  Ravager  
  156  11:24  Roach x7  
  164  11:28  Queen x4  
  164  11:31  Extractor x2  
  165  11:35  Roach x7  
  155  11:46  Roach x5  
  165  11:52  Greater Spire  
  161  11:58  Drone x7  
  161  12:00  Drone x5  
  167  12:13  Extractor, Drone x9  
  175  12:15  Extractor  
  172  12:32  Corruptor x9  
  172  12:33  Corruptor  
  191  12:38  Evolution Chamber  
  187  12:45  Drone x5  
  187  12:46  Drone  
  192  12:55  Zerg Melee Weapons Level 1  
  192  12:57  Drone x7, Evolution Chamber  
  192  12:58  Drone x3  
  190  13:08  Brood Lord x4  
  198  13:17  Brood Lord  
  198  13:19  Spine Crawler  
  199  13:21  Spine Crawler  
  199  13:26  Spine Crawler  
  193  13:28  Spine Crawler  
  193  13:29  Brood Lord x3  
  188  13:35  Brood Lord  
  188  13:36  Roach x3  
  178  13:46  Brood Lord  
  161  13:53  Zerg Missile Weapons Level 3  
  161  13:54  Baneling Nest  
  148  13:59  Drone x16  
  145  14:11  Hatchery  
  144  14:23  Overlord x2  
  144  14:25  Adrenal Glands  
  144  14:26  Zerg Flyer Weapons Level 1  
  144  14:30  Roach x6  
  156  14:33  Zergling x6  
  159  14:42  Ravager x2  
  159  14:44  Centrifugal Hooks  
  161  14:51  Zergling x28  
  175  15:06  Ravager x6  
  181  15:10  Hatchery  
  181  15:11  Baneling x18  
  180  15:16  Baneling x8  
  180  15:17  Zergling x4  
  181  15:24  Zergling x16  
  189  15:44  Spine Crawler  
  189  15:45  Spine Crawler  
  187  15:57  Pneumatized Carapace, Overseer x2  
  187  16:07  Zergling x26  
Show
View Real Time Build Order
Export as new Build Order

Kelazhur Terran - Winner!

Build Orders: 2 Factory, Reaper Expand, Mech 

Get SALT Encoding   

  12  0:00  SCV  
  13  0:12  SCV  
  14  0:17  Supply Depot  
  14  0:24  SCV  
  15  0:38  SCV  
  15  0:39  Barracks  
  16  0:42  Refinery  
  16  0:50  SCV  
  17  1:02  SCV  
  18  1:14  SCV  
  19  1:27  Orbital Command, Reaper  
  20  1:38  Command Center  
  20  1:48  Supply Depot  
  20  1:52  SCV  
  21  1:59  Marine  
  22  2:04  Factory  
  22  2:05  SCV  
  23  2:18  SCV  
  24  2:23  Barracks Reactor  
  24  2:30  SCV  
  25  2:40  Command Center  
  25  2:42  SCV  
  26  2:47  Refinery  
  26  2:50  Orbital Command  
  26  2:54  SCV  
  27  3:04  Factory  
  27  3:07  SCV  
  27  3:11  Hellion  
  30  3:14  Hellion  
  30  3:15  Barracks Tech Lab  
  30  3:17  SCV  
  33  3:24  SCV  
  34  3:30  SCV  
  34  3:33  Marine  
  36  3:36  SCV  
  36  3:38  Factory  
  36  3:39  Hellion  
  39  3:42  Hellion  
  39  3:43  SCV  
  39  3:48  SCV  
  43  3:55  SCV  
  45  3:58  Orbital Command  
  45  4:01  Barracks Tech Lab  
  46  4:03  Hellion  
  46  4:04  Cyclone  
  46  4:06  SCV  
  46  4:07  SCV  
  51  4:15  Mag-Field Accelerator  
  51  4:16  Supply Depot  
  51  4:18  SCV  
  51  4:23  Hellion  
  54  4:25  SCV x2  
  54  4:30  SCV  
  57  4:33  Cyclone, Supply Depot  
  57  4:38  SCV, Hellion  
  63  4:40  SCV  
  63  4:43  Supply Depot  
  64  4:47  Cyclone  
  64  4:49  Hellion  
  69  4:54  SCV x2  
  69  4:57  Supply Depot  
  71  5:00  Hellion  
  71  5:02  SCV  
  71  5:06  Refinery  
  71  5:07  Cyclone, Refinery, Supply Depot  
  74  5:13  Hellion  
  80  5:14  SCV x2  
  80  5:15  Orbital Command  
  81  5:26  SCV  
  81  5:27  Cyclone  
  87  5:28  Hellion  
  87  5:29  SCV  
  87  5:32  Supply Depot  
  88  5:35  Supply Depot  
  88  5:38  SCV  
  88  5:41  SCV, Cyclone  
  88  5:42  SCV  
  94  5:43  Hellion  
  94  5:45  Infernal Pre-Igniter  
  96  5:50  SCV  
  96  5:53  SCV  
  96  5:54  Hellion, SCV  
  97  5:59  Cyclone  
  97  6:02  SCV  
  92  6:05  SCV  
  92  6:06  SCV  
  93  6:14  SCV  
  93  6:17  SCV  
  95  6:18  SCV  
  95  6:21  Siege Tank  
  95  6:25  Refinery  
  99  6:26  SCV  
  99  6:27  Refinery  
  99  6:28  Supply Depot  
  99  6:29  SCV  
  99  6:30  SCV  
  98  6:33  Hellion x2  
  98  6:37  Siege Tank  
  98  6:38  SCV  
  105  6:41  SCV  
  105  6:42  SCV  
  107  6:51  SCV  
  107  6:53  SCV  
  109  6:55  SCV, Factory  
  109  6:56  Factory  
  109  7:01  Siege Tank, Supply Depot  
  113  7:03  SCV  
  113  7:06  SCV  
  113  7:07  SCV  
  113  7:08  Supply Depot  
  114  7:10  Hellion x2  
  114  7:15  SCV  
  113  7:16  Siege Tank  
  113  7:18  SCV  
  113  7:19  SCV  
  113  7:20  Armory  
  113  7:21  Armory  
  114  7:27  SCV  
  114  7:30  SCV  
  114  7:33  Siege Tank  
  114  7:35  Hellion  
  118  7:39  SCV  
  118  7:42  SCV  
  116  7:47  Factory Tech Lab, Factory Reactor  
  116  7:48  Command Center  
  116  7:52  Supply Depot  
  116  7:54  Siege Tank  
  119  8:02  Hellion x2  
  119  8:05  Siege Tank, Supply Depot  
  123  8:08  Siege Tank  
  123  8:12  Terran Vehicle Weapons Level 1, Terran Vehicle And Ship Armor Level 1  
  129  8:24  Hellion  
  129  8:25  Hellion x3  
  129  8:26  Siege Tank  
  137  8:31  SCV x3  
  140  8:38  Supply Depot x2  
  140  8:43  Hellion, SCV  
  140  8:46  Siege Tank  
  146  8:48  SCV  
  146  8:49  SCV  
  146  8:54  Refinery, Supply Depot  
  149  8:55  SCV  
  149  8:56  Supply Depot  
  149  8:57  Refinery  
  149  8:59  Hellion x3  
  149  9:02  Engineering Bay, Siege Tank  
  158  9:04  Siege Tank  
  157  9:18  Siege Tank  
  160  9:26  Command Center  
  160  9:31  Hellion x3  
  160  9:34  Siege Tank  
  160  9:37  SCV x3  
  164  9:45  Siege Tank  
  157  9:54  Cyclone  
  157  9:56  Missile Turret  
  157  9:57  Missile Turret  
  157  9:59  Missile Turret x2  
  149  10:01  Missile Turret  
  149  10:05  Hellion x2  
  149  10:06  Cyclone  
  141  10:17  Cyclone  
  141  10:20  Hellion  
  131  10:26  Cyclone  
  126  10:30  Factory  
  126  10:31  Factory  
  126  10:33  Factory  
  116  10:36  Planetary Fortress  
  116  10:38  Missile Turret, Cyclone  
  116  10:42  Missile Turret  
  114  10:48  Hellion x3, Terran Vehicle And Ship Armor Level 2, Terran Vehicle Weapons Level 2  
  114  10:49  Siege Tank  
  121  10:50  SCV x2  
  121  10:51  SCV  
  123  10:58  Siege Tank  
  123  11:02  SCV  
  123  11:03  SCV x2  
  129  11:10  Siege Tank  
  124  11:14  SCV  
  124  11:15  SCV x2  
  124  11:16  Hellion x2  
  124  11:17  Hellion x3  
  130  11:21  Siege Tank  
  130  11:23  SCV x2  
  132  11:27  SCV x3  
  132  11:28  Barracks x2  
  132  11:30  Siege Tank  
  137  11:35  SCV  
  137  11:38  Hellion x2  
  138  11:42  Siege Tank  
  138  11:43  Factory Tech Lab x3  
  138  11:45  SCV x4  
  140  11:48  SCV  
  140  11:53  Siege Tank  
  141  11:57  SCV x3  
  141  12:00  Planetary Fortress  
  144  12:10  Siege Tank x4  
  144  12:11  Hellion x2, Refinery  
  144  12:12  Hellion x2  
  144  12:13  Refinery  
  164  12:24  Cyclone  
  164  12:25  Cyclone  
  170  12:34  Barracks Tech Lab  
  170  12:35  Barracks Tech Lab  
  170  12:38  Hellion x2  
  170  12:42  Barracks, Cyclone  
  170  12:44  Command Center  
  173  12:47  Cyclone x2  
  175  12:52  Hellion x2  
  179  13:03  Thor x2  
  179  13:04  Thor  
  179  13:05  Hellion  
  197  13:19  Terran Vehicle Weapons Level 3  
  197  13:21  Terran Vehicle And Ship Armor Level 3  
  197  13:24  Siege Tank  
  200  13:34  Barracks Tech Lab  
  200  13:36  Ghost Academy  
  183  13:51  Thor  
  183  13:54  Thor x2  
  170  14:08  Starport  
  164  14:12  Ghost x3  
  170  14:24  Personal Cloaking  
  170  14:33  Command Center  
  170  14:34  Command Center  
  170  14:36  Thor  
  176  14:40  Smart Servos  
  176  14:45  Ghost x2  
  180  14:47  Ghost  
  180  14:50  Starport Tech Lab  
  182  14:53  Planetary Fortress  
  182  14:59  Thor  
  188  15:05  Missile Turret  
  188  15:19  Thor x2  
  200  15:35  Thor  
  192  15:37  Raven  
  200  15:53  Barracks x2, Orbital Command x2  
  200  15:57  Refinery  
  200  16:00  Refinery  
Tags
 
Add a new tag
Caveats
  • Supply blocks, unpowered buildings, or Contaminate may cause inaccurate times.
  • Supply counts are checked every 10 seconds.